 Dungeon Crawl Stone Soup version 0.31.0-12-g77e489cdc1 (webtiles) character file.

Game seed: 17744246109575271044

13 booth the Trooper (level 2, -2/24 HPs)
             Began as a Demonspawn Monk on Feb 20, 2024.
             Slain by a gnoll
             ... wielding a +2 flail of protection
              (13 damage)
             ... on level 1 of the Dungeon.
             The game lasted 00:02:24 (387 turns).

booth the Trooper (Demonspawn Monk)                  Turns: 387, Time: 00:02:25

Health: -2/24      AC:  2    Str: 17    XL:     2   Next: 24%
Magic:  2/2        EV: 13    Int: 10    God:
Gold:   32         SH:  0    Dex: 15    Spells: 1/1 levels left

rFire   . . .        a - +0 hand axe
rCold   . . .        d - orb {light}
rNeg    . . .        b - +0 robe
rPois   .            (no helmet)
rElec   .            (no cloak)
rCorr   .            (no gloves)
SInv    +            (no boots)
Will    .....        (no amulet)
Stlth   +            f - +6 ring of strength
HPRegen 0.24/turn    h - ring of see invisible
MPRegen 0.08/turn

%: no passive effects
@: glowing
A: weakness stinger 1
a: no special abilities


You were on level 1 of the Dungeon.
You visited 1 branch of the dungeon, and saw 1 of its levels.

You collected 32 gold pieces.

Inventory:

Hand Weapons
 a - a +0 hand axe (weapon)
Missiles
 e - 3 javelins (quivered)
Armour
 b - a +0 robe (worn)
 d - an orb of light (worn)
Jewellery
 f - a +6 ring of strength (left hand)
 h - a ring of see invisible (right hand)
Potions
 c - a potion of ambrosia
 g - a potion of degeneration {unknown}


   Skills:
 + Level 3.2 Fighting
 * Level 3.1 Axes
 - Level 2.7 Dodging


You had one spell level left.
You didn't know any spells.
Your spell library contained the following spells:

 Spells                   Type           Power      Damage    Failure   Level
 Jinxbite                 Hex            0%         N/A       50%         2
 Call Canine Familiar     Summ           0%         N/A       75%         3
 Dazzling Flash           Conj/Hex       0%         N/A       75%         3
 Mephitic Cloud           Conj/Alch/Air  0%         N/A       75%         3
 Sigil of Binding         Hex            0%         N/A       75%         3
 Dimensional Bullseye     Hex/Tloc       0%         N/A       98%         4
 Curse of Agony           Necr           0%         N/A       100%        5
 Silence                  Hex/Air        0%         N/A       100%        5
 Yara's Violent Unravell  Hex/Alch       0%         3d3       100%        5
 Enfeeble                 Hex            0%         N/A       100%        7


Dungeon Overview and Level Annotations

Branches:
Dungeon (1/15)

Altars:


Innate Abilities, Weirdness & Mutations

You have a small tail.


Message History

h - a ring of see invisible
h - a ring of see invisible (right hand)
Found 6 stones.
You now have 32 gold pieces (gained 10).
A bat comes into view.
The bat hits you but does no damage. The bat hits you.
The bat barely misses you.
You hit the bat.
You kill the bat!
You open the door.
There is an open door here.
A rat comes into view.
The rat squeaks loudly.
You hit the rat.
You kill the rat!
A bat comes into view.
A gnoll comes into view.
It is wielding a +2 flail of protection.
The gnoll shouts!
The bat misses you.
You see here a rat corpse.
You hit the bat.
You kill the bat!
You see here a bat corpse.
Found a grey potion.
The gnoll hits you with a +2 flail of protection!
Ouch! That really hurt!
You hit the gnoll but do no damage. The gnoll closely misses you.
You hit the gnoll.
Your tail-slap misses the gnoll.
The gnoll is lightly wounded.
The gnoll misses you.
You barely miss the gnoll.
You tail-slap the gnoll, but do no damage.
The gnoll is lightly wounded.
The gnoll misses you.
You slash the gnoll!
The gnoll is heavily wounded.
The gnoll hits you with a +2 flail of protection!
Ouch! That really hurt!
You die...

#.#.##.#########.#.#
#.#.##.........#.#.#
#.#.#####...(#.#.#.#
#.#.#####..###.#.#.#
#.#............#.#.#
#.##############.#.#
#######.# #... #.#.#
#..†....###.######.
#...#
#.......#†.@g......
#####
#......##†#.#######
#......'..#.#
#......####.#
######## ... #.# #!.
#..


You could see a gnoll.

Vanquished Creatures
  A ball python (D:1)
  An endoplasm (D:1)
  2 giant cockroaches (D:1)
  3 bats (D:1)
  A frilled lizard (D:1)
  2 kobolds (D:1)
  3 rats (D:1)
13 creatures vanquished.

Notes
Turn   | Place    | Note
-------+----------+-------------------------------------------
     0 | D:1      | booth the Demonspawn Monk began the quest for the Orb.
     0 | D:1      | Reached XP level 1. HP: 18/18 MP: 1/1
   161 | D:1      | Gained mutation: You have a small tail. [demonic ancestry]
   161 | D:1      | Reached XP level 2. HP: 22/24 MP: 2/2
   387 | D:1      | Slain by a gnoll

Illustrated notes

Levels and vault maps discovered:
D:1:      amcnicky_arrival_double_pillar, layout_basic

Skill      XL: |  1 |
---------------+----+-----
Axes           | 3 |  3.1
Fighting       | |  3.2
Dodging        | |  2.7

Action                     || total
---------------------------++-------
  Melee: Hand axe          ||    33
         Tailslap          ||     1
 Armour: Robe              ||    14
  Dodge: Dodged            ||    15
